 Dungeon Crawl Stone Soup version 0.27.1-34-g3ba077fa99 (webtiles) character file.

Game seed: 15239578830982221085

77 zeram the Shield-Bearer (level 4, -8/29 HPs)
             Began as a Gargoyle Fighter on Jan 7, 2022.
             Mangled by an ogre (13 damage)
             ... on level 3 of the Dungeon.
             The game lasted 00:03:18 (2015 turns).

zeram the Shield-Bearer (Gargoyle Fighter)          Turns: 2015, Time: 00:03:19

Health: -8/29      AC: 10    Str: 20    XL:     4   Next: 34%
Magic:  4/4        EV:  7    Int:  9    God:
Gold:   74         SH: 10    Dex:  9    Spells: 3/3 levels left

rFire    . . .     SeeInvis .   a - +0 flail
rCold    . . .     Faith    .   c - +1 kite shield
rNeg     + + .     Spirit   .   b - +0 scale mail
rPois    ∞         Reflect  .   (no helmet)
rElec    +         Harm     .   (no cloak)
rCorr    .         Rampage  .   (no gloves)
Will     .....                  (no boots)
Stlth    ..........             (no amulet)
HPRegen  0.09/turn              g - ring of positive energy
MPRegen  0.09/turn              (no ring)

@: no status effects
A: sickness immunity, AC +3, negative energy resistance 1, electricity
resistance, torment resistance 1, petrification resistance
a: no special abilities


You were on level 3 of the Dungeon.
You visited 1 branch of the dungeon, and saw 3 of its levels.

You collected 74 gold pieces.

Inventory:

Hand Weapons
 a - a +0 flail (weapon)
Missiles
 f - 41 stones (quivered)
Armour
 b - a +0 scale mail (worn)
 c - a +1 kite shield (worn)
Jewellery
 g - a ring of positive energy (left hand)
Potions
 d - a potion of might
 h - a potion of heal wounds {unknown}
 i - a potion of lignification
 j - a potion of brilliance {unknown}
 k - a potion of resistance {unknown}


   Skills:
 + Level 3.8 Fighting
 + Level 2.6 Maces & Flails
 + Level 4.0 Armour
 + Level 0.4 Dodging
 + Level 4.0 Shields


You had 3 spell levels left.
You didn't know any spells.
Your spell library was empty.

Dungeon Overview and Level Annotations

Branches:
Dungeon (3/15)

Altars:


Innate Abilities, Weirdness & Mutations

You are immune to sickness and miasma.
Your stone body is resilient. (AC +3)
You are immune to poison.
You resist negative energy. (rN+)
You are resistant to electric shocks. (rElec)
You are resistant to unholy torment.
You are immune to petrification.


Message History

The jackal bites you but does no damage.
You block the jackal's attack.
You closely miss the jackal. You block the jackal's attack. x2
You barely miss the jackal. You block the jackal's attack.
The jackal bites you but does no damage.
You closely miss the jackal.
The jackal bites you but does no damage. x2
You sock the jackal!
You kill the jackal!
No target in view!
No target in view!
No target in view!
No target in view!
No target in view!
No target in view!
No target in view!
No target in view!
No target in view!
No target in view!
No target in view!
No target in view!
No target in view!
No target in view!
HP restored.
Done exploring.
Done exploring.
Done exploring.
You aren't carrying any scrolls.
Done exploring.
Done exploring.
Done exploring.
(D) Dungeon
Where to? (Enter - D:3, ? - help)
You climb downwards.
The ogre hits you with a +0 giant club!!
Ouch! That really hurt!
* * * LOW HITPOINT WARNING * * *
There is a stone staircase leading up here.
The ogre hits you with a +0 giant club!
You die...

.........>....
....#........
.[.............
..............
O............
............
..#O.......
#.#@.......
#.#.#[.......
#.....##.....
........#.......
................
.........####..#
.........# .#
......##.#
.#.... .#


You could see an ogre.

Vanquished Creatures
  3 adders (D:2)
  A worm (D:2)
  A dart slug (D:1)
  2 orcs
  5 endoplasms
  5 hobgoblins
  3 jackals (D:2)
  2 quokkas (D:2)
  4 ball pythons
  3 bats
  4 goblins
  4 kobolds
  3 rats
  A spectral goblin (D:1)
41 creatures vanquished.

Notes
Turn   | Place    | Note
-------+----------+-------------------------------------------
     0 | D:1      | zeram the Gargoyle Fighter began the quest for the Orb.
     0 | D:1      | Reached XP level 1. HP: 14/14 MP: 1/1
   209 | D:1      | Reached XP level 2. HP: 18/19 MP: 2/2
   555 | D:1      | Found a faded altar of an unknown god.
   807 | D:2      | Reached XP level 3. HP: 21/23 MP: 3/3
  1451 | D:2      | Reached XP level 4. HP: 20/29 MP: 4/4
  1825 | D:3      | Noticed an ogre
  2015 | D:3      | Mangled by an ogre

Illustrated notes

Levels and vault maps discovered:
D:1:      minmay_arrival_doors, layout_basic,
          dreamdust_ecumenical_altar_drowned_temple,
          minmay_misc_feat_secret_circle, amcnicky_mini_corridor_feature
D:2:      layout_loops_ring
D:3:      layout_rooms, nicolae_uskayaw_murder_on_the_dancefloor,
          okawaru_ov_weapons_minmay, minivault_24

Skill      XL: |  1  2  3  4 |
---------------+-------------+-----
Shields        | 4 |  4.0
Armour         | 4 |  4.0
Fighting       | |  3.8
Maces & Flails | |  2.6
Dodging        | |  0.4

Action                   |  1- 3 |  4- 6 || total
-------------------------+-------+-------++-------
Melee: Flail             |   113 |    47 ||   160
  Use: Scroll            |     3 |     2 ||     5
       Potion            |     1 |       ||     1
Armor: Scale mail        |    74 |    52 ||   126
Dodge: Dodged            |    35 |    34 ||    69
Block: Kite shield       |    64 |    57 ||   121
